 Dungeon Crawl Stone Soup version 0.31.0-11-ge490571c62 (webtiles) character file.

Game seed: 12282739279357081535

476 Rassilon the Trooper (level 6, 0/51 HPs)
             Began as a Demonspawn Monk on Jan 30, 2024.
             Was a Believer of Wu Jian.
             Slain by an ogre
             ... wielding a +0 giant club
              (28 damage)
             ... on level 5 of the Dungeon.
             The game lasted 00:14:20 (3646 turns).

Rassilon the Trooper (Demonspawn Monk)              Turns: 3646, Time: 00:14:21

Health: 0/51       AC:  3    Str: 11    XL:     6   Next: 84%
Magic:  6/6        EV: 14    Int: 10    God:    Wu Jian [**....]
Gold:   235        SH:  0    Dex: 18    Spells: 5/5 levels left

rFire   . . .        n - +3 hand axe
rCold   . . .        i - orb {mayhem}
rNeg    . . .        a - +0 robe
rPois   .            (helmet restricted)
rElec   .            r - +0 cloak
rCorr   .            (no gloves)
SInv    .            (no boots)
Will    .....        (no amulet)
Stlth   ++           (no ring)
HPRegen 0.28/turn    (no ring)
MPRegen 0.20/turn

%: mayhem
@: no status effects
A: claws 1, horns 1, magic regeneration, demonic magic 1
a: Renounce Religion, Wall Jump


You were on level 5 of the Dungeon.
You worshipped Wu Jian.
Wu Jian was pleased with you.
You visited 2 branches of the dungeon, and saw 6 of its levels.

You collected 235 gold pieces.

Inventory:

Hand Weapons
 n - a +3 hand axe (weapon)
Missiles
 s - 5 datura-tipped darts (quivered)
Armour
 a - a +0 robe (worn)
 i - an orb of mayhem (worn)
 r - a +0 cloak (worn)
Jewellery
 t - a ring of fire
Scrolls
 l - a scroll of silence
 m - a scroll of enchant weapon
 p - 3 scrolls of blinking
Potions
 f - a potion of berserk rage
 h - 4 potions of curing
 o - a potion of resistance


   Skills:
 + Level 5.2 Fighting
 + Level 4.6 Dodging
 + Level 4.5 Unarmed Combat


You had 5 spell levels left.
You didn't know any spells.
Your spell library contained the following spells:

 Spells                   Type           Power      Damage    Failure   Level
 Call Canine Familiar     Summ           0%         N/A       75%         3
 Animate Armour           Summ/Erth      0%         N/A       98%         4
 Leda's Liquefaction      Alch/Erth      0%         N/A       98%         4
 Summon Cactus Giant      Summ           0%         N/A       100%        6


Dungeon Overview and Level Annotations

Branches:
Dungeon (5/15)             Temple (1/1) D:4

Altars:
Ashenzari
Dithmenos
Gozag
Hepliaklqana
Kikubaaqudgha
Makhleb
Nemelex Xobeh
Qazlal
Ru
Trog
Vehumet
Wu Jian
Xom


Innate Abilities, Weirdness & Mutations

You have sharp fingernails.
You have a pair of small horns on your head.
You regenerate magic rapidly.
Spells you cast may paralyse adjacent enemies.


Message History

A hound comes into view.
Found an escape hatch in the ceiling.
The hound barks!
An ogre comes into view. It is wielding a +0 giant club.
You lunge at the hound.
You closely miss the hound. The hound barely misses you.
You barely miss the hound. The hound bites you. The hound closely misses you.
The ogre shouts!
You slash the hound! Your headbutt misses the hound.
The hound is moderately wounded.
The hound misses you. The hound closely misses you.
You hit the hound.
The hound is heavily wounded.
The hound completely misses you. The hound barely misses you.
You hit the hound. Your headbutt misses the hound.
The hound is severely wounded.
You hit the ogre. The hound closely misses you. The hound bites you.
The ogre misses you.
You hit the ogre.
The ogre is moderately wounded.
You closely miss the hound.
The hound stops to sniff the ground.
The hound misses you. The hound closely misses you.
The ogre hits you with a +0 giant club!
You hit the ogre.
The ogre is heavily wounded.
You hit the hound. The hound bites you but does no damage. The hound bites you.
You slash the hound!
You kill the hound!
The Council accepts your kill.
The ogre flies into a frenzy!
You barely miss the ogre. The ogre closely misses you. x2
You hit the ogre but do no damage.
The ogre is heavily wounded.
The ogre barely misses you.
You barely miss the ogre.
The ogre is heavily wounded.
The ogre hits you with a +0 giant club!!
Ouch! That really hurt!
You die...

.. .##...# .# ...
.....##.# #.##.......###
............ #........#
####........### ...
......O†....... ..#
#.....@...# #.#
#......#### #.# #<.....#
#.# #....#.# #.#
######.### #.# #...#
###'### #...######.
......############........
......'.................#(


You could see a neutral ogre (fast, strong, frenzied).

Vanquished Creatures
  2 bombardier beetles (D:4)
  A hound (D:5)
  2 orc priests (D:5)
  Crazy Yiuf (D:3)
  Natasha (D:2)
  2 iguanas (D:4)
  An orc wizard (D:3)
  3 gnolls (D:4)
  5 adders
  A dart slug (D:3)
  A ribbon worm (D:4)
  12 orcs
  10 endoplasms
  3 giant cockroaches
  8 goblins
  6 hobgoblins
  9 jackals
  2 quokkas
  6 ball pythons
  2 bats
  A frilled lizard (D:2)
  6 kobolds
  6 rats
91 creatures vanquished.

Vanquished Creatures (collateral kills)
  A gnoll (D:4)
  A dart slug (D:4)
  An orc (D:3)
  A ball python (D:3)
4 creatures vanquished.

Vanquished Creatures (others)
  An orc (D:5)
  A ball python (D:4)
2 creatures vanquished.

Grand Total: 97 creatures vanquished

Notes
Turn   | Place    | Note
-------+----------+-------------------------------------------
     0 | D:1      | Rassilon the Demonspawn Monk began the quest for the Orb.
     0 | D:1      | Reached XP level 1. HP: 18/18 MP: 1/1
    24 | D:1      | Got Sif Muna's Tome of the Ground and Rallying
    62 | D:1      | Discovered your monstrous ancestry.
    62 | D:1      | Gained mutation: You have a pair of small horns on your
                  | head. [demonic ancestry]
    62 | D:1      | Reached XP level 2. HP: 14/24 MP: 2/2
   506 | D:2      | Noticed Natasha
   509 | D:2      | Killed Natasha
   510 | D:2      | Reached XP level 3. HP: 28/29 MP: 3/3
   624 | D:2      | Found a faded altar of an unknown god.
   839 | D:2      | Gained mutation: Spells you cast may paralyse adjacent
                  | enemies. [demonic ancestry]
   839 | D:2      | Reached XP level 4. HP: 35/37 MP: 4/4
  1273 | D:3      | Found an ancient bone altar of Kikubaaqudgha.
  1281 | D:3      | Found a stormy altar of Qazlal.
  1485 | D:3      | Reached skill level 4 in Fighting
  1621 | D:3      | Gained mutation: You have sharp fingernails. [demonic
                  | ancestry]
  1621 | D:3      | Reached XP level 5. HP: 29/42 MP: 5/5
  2110 | D:3      | Found a runed translucent door.
  2111 | D:3      | Noticed Crazy Yiuf
  2121 | D:3      | Killed Crazy Yiuf
  2346 | D:4      | Found a staircase to the Ecumenical Temple.
  2580 | D:4      | Found a sparkling altar of Nemelex Xobeh.
  2937 | D:4      | Gained mutation: You regenerate magic rapidly. [demonic
                  | ancestry]
  2937 | D:4      | Reached XP level 6. HP: 47/49 MP: 6/6
  3345 | Temple   | Entered the Ecumenical Temple
  3356 | Temple   | Became a worshipper of the Wu Jian Council
  3356 | Temple   | Reached * piety under Wu Jian
  3356 | Temple   | Reached ** piety under Wu Jian
  3394 | D:5      | Entered Level 5 of the Dungeon
  3585 | D:5      | Reached skill level 5 in Fighting
  3646 | D:5      | Slain by an ogre

Illustrated notes

Levels and vault maps discovered:
D:1:      wander_arrival_lonely_grave, layout_rooms
D:2:      layout_basic, hellmonk_ecumenical_altar_pennies_from_heaven,
          kennysheep_generic_room_3, uniq_natasha
D:3:      layout_loops_cross, jmf_multi_god_temple2,
          hangedman_decor_clover_reticule, mrwooster_statue_mirror,
          minmay_randomly_rotated_circles, uniq_crazy_yiuf_cottage
D:4:      minmay_diamond_boxcup, layout_basic, nemelex_diamond_rough_becter,
          temple_pool_b
D:5:      layout_basic, kennysheep_mini, cheibrodos_worm_habitat,
          nicolae_elevator_lobby_asterisk
Temple:   jpeg_temple_clearing

Skill      XL: |  1  2  3  4  5  6 |
---------------+-------------------+-----
Dodging        | 3 4 |  4.6
Unarmed Combat | 3 4 |  4.5
Fighting       | 4 5 |  5.2

Action                     |  1- 3 |  4- 6 || total
---------------------------+-------+-------++-------
  Melee: Unarmed           |    34 |    23 ||    57
         Short sword       |    46 |    60 ||   106
         Headbutt          |    17 |    36 ||    53
         Hand axe          |       |   100 ||   100
Ability: Lunge             |       |     1 ||     1
    Use: Potion            |       |     2 ||     2
         Scroll            |       |    13 ||    13
   Stab: Distracted        |       |     2 ||     2
         Sleeping          |       |     2 ||     2
 Armour: Robe              |    43 |    94 ||   137
  Dodge: Dodged            |    65 |   119 ||   184
